A+ EAST
ASHEVILLE TOURISTS @ HUDSON VALLEY RENEGADES
06/02/2042
 
TOP OF THE 1ST
Asheville Tourists batting - Pitching for Hudson Valley Renegades : RHP Jeremy Galloway
Pitching: RHP Jeremy Galloway
Batting: RHB Raúl Villa 0-0: Ball
1-0: Fly out, F8 (Flyball, 8RD, EV 71.3 MPH)
Batting: SHB José Morán 0-0: Swinging Strike
0-1: Ball
1-1: Ball
2-1: Called Strike
2-2: Strikes out swinging
Batting: RHB Jared Clemente 0-0: Fly out, F4 (Popup, 4, EV 74.4 MPH)
Top of the 1st over - 0 runs, 0 hits, 0 errors, 0 left on base; Asheville 0 - Hudson Valley 0
BOTTOM OF THE 1ST
Hudson Valley Renegades batting - Pitching for Asheville Tourists : RHP Phil Snider
Pitching: RHP Phil Snider
Batting: RHB Luis Romero 0-0: Ground out 5-3 (Groundball, 56S, EV 78.8 MPH)
Batting: LHB Danny Roberts 0-0: Ball
1-0: SINGLE (Groundball, 3D, EV 96.3 MPH)
Batting: RHB Tony Cole 0-0: Ball
1-0: Called Strike
1-1: Ball
Danny Roberts is caught stealing 2nd base 2-4
2-1: Ball
3-1: Base on Balls
Batting: LHB Tony López 0-0: Called Strike
0-1: Swinging Strike
0-2: Ball
1-2: Ball
2-2: Foul Ball, location: 25FF
2-2: Ball
3-2: Base on Balls
Tony Cole to second
Batting: RHB Juan Flores 0-0: Called Strike
0-1: Swinging Strike
0-2: Strikes out swinging
Bottom of the 1st over - 0 runs, 1 hit, 0 errors, 2 left on base; Asheville 0 - Hudson Valley 0
TOP OF THE 2ND
Asheville Tourists batting - Pitching for Hudson Valley Renegades : RHP Jeremy Galloway
Batting: SHB Erik Ashe 0-0: Called Strike
0-1: Ball
1-1: Ball
2-1: Ball
3-1: Called Strike
3-2: DOUBLE (Line Drive, 9LS, EV 88.1 MPH)
Batting: LHB Mike Halfyard 0-0: Ball
1-0: Called Strike
1-1: Swinging Strike
1-2: Ball
2-2: Foul Ball, location: 7LDF
2-2: Ground out 3-1 (Groundball, 34, EV 82.5 MPH)
Erik Ashe to third
Batting: RHB Lou Horn 0-0: SINGLE (Groundball, 34D, EV 95.6 MPH)
Erik Ashe scores
Batting: RHB Jimmy Davidson 0-0: Called Strike
0-1: Foul Ball, location: 2F
0-2: Foul Ball, location: 25F
0-2: DOUBLE (Line Drive, 8RXD, EV 101.9 MPH)
Lou Horn to third
Runner from 3rd tries for Home, SAFE, throw by CF to home
Batting: RHB Clint Hancock 0-0: Ball
1-0: Ground out 6-3 (Groundball, 6, EV 100.0 MPH)
Batting: RHB Tim Brown 0-0: Ball
1-0: Ball
2-0: Foul Ball, location: 2F
2-1: Called Strike
2-2: Foul Ball, location: 5F
2-2: Fly out, F9 (Flyball, 9, EV 80.6 MPH)
Top of the 2nd over - 2 runs, 3 hits, 0 errors, 1 left on base; Asheville 2 - Hudson Valley 0
BOTTOM OF THE 2ND
Hudson Valley Renegades batting - Pitching for Asheville Tourists : RHP Phil Snider
Batting: SHB Eric Powell 0-0: Ball
1-0: Called Strike
1-1: Ball
2-1: SINGLE (Groundball, 6MD, EV 101.3 MPH)
Batting: RHB Don Keith 0-0: Sac Bunt to 13 - play at first, batter OUT! 1-3
Eric Powell to second
Batting: LHB Oliver Rivera 0-0: Called Strike
0-1: Ball
1-1: Swinging Strike
1-2: Strikes out swinging
Batting: RHB Eric Richards 0-0: Called Strike
0-1: Ball
1-1: Ball
2-1: Swinging Strike
2-2: Strikes out swinging
Bottom of the 2nd over - 0 runs, 1 hit, 0 errors, 1 left on base; Asheville 2 - Hudson Valley 0
TOP OF THE 3RD
Asheville Tourists batting - Pitching for Hudson Valley Renegades : RHP Jeremy Galloway
Batting: RHB Raúl Villa 0-0: Called Strike
0-1: Ground out U3 (Groundball, 34S, EV 87.5 MPH)
Batting: SHB José Morán 0-0: Ball
1-0: Ball
2-0: Ball
3-0: Called Strike
3-1: Base on Balls
Batting: RHB Jared Clemente 0-0: Called Strike
0-1: Called Strike
0-2: Strikes out swinging
Batting: SHB Erik Ashe 0-0: Called Strike
0-1: Called Strike
0-2: Fielders Choice at 2nd, 6-4 (Groundball, 6MD, EV 99.4 MPH)
Top of the 3rd over - 0 runs, 0 hits, 0 errors, 1 left on base; Asheville 2 - Hudson Valley 0
BOTTOM OF THE 3RD
Hudson Valley Renegades batting - Pitching for Asheville Tourists : RHP Phil Snider
Batting: RHB Luis Romero 0-0: Fly out, F9 (Flyball, 9, EV 91.3 MPH)
Batting: LHB Danny Roberts 0-0: Foul Ball, location: 5DF
0-1: Ball
1-1: Ground out 4-3 (Groundball, 4, EV 85.0 MPH)
Batting: RHB Tony Cole 0-0: Foul Ball, location: 9LSF
0-1: Ball
1-1: Ground out 4-3 (Groundball, 4, EV 104.4 MPH)
Bottom of the 3rd over - 0 runs, 0 hits, 0 errors, 0 left on base; Asheville 2 - Hudson Valley 0
TOP OF THE 4TH
Asheville Tourists batting - Pitching for Hudson Valley Renegades : RHP Jeremy Galloway
Batting: LHB Mike Halfyard 0-0: Called Strike
0-1: Swinging Strike
0-2: Ball
1-2: Ball
2-2: Foul Ball, location: 7LMF
2-2: Strikes out swinging
Batting: RHB Lou Horn 0-0: Ground out U3 (Groundball, 3, EV 100.6 MPH)
Batting: RHB Jimmy Davidson 0-0: Ball
1-0: Ground out 6-3 (Groundball, 56, EV 106.9 MPH)
Top of the 4th over - 0 runs, 0 hits, 0 errors, 0 left on base; Asheville 2 - Hudson Valley 0
BOTTOM OF THE 4TH
Hudson Valley Renegades batting - Pitching for Asheville Tourists : RHP Phil Snider
Batting: LHB Tony López 0-0: Ball
1-0: Ball
2-0: Ball
3-0: Foul Ball, location: 7LDF
3-1: Base on Balls
Batting: RHB Juan Flores 0-0: Called Strike
0-1: Grounds into double play, 6-4-3 (Groundball, 6, EV 83.8 MPH)
Batting: SHB Eric Powell 0-0: Ground out 3-1 (Groundball, 34, EV 89.4 MPH)
Bottom of the 4th over - 0 runs, 0 hits, 0 errors, 0 left on base; Asheville 2 - Hudson Valley 0
TOP OF THE 5TH
Asheville Tourists batting - Pitching for Hudson Valley Renegades : RHP Jeremy Galloway
Batting: RHB Clint Hancock 0-0: Swinging Strike
0-1: Ball
1-1: Ball
2-1: Called Strike
2-2: Ball
3-2: Strikes out looking
Batting: RHB Tim Brown 0-0: Called Strike
0-1: Ball
1-1: Foul Ball, location: 23FF
1-2: Strikes out swinging
Batting: RHB Raúl Villa 0-0: SINGLE (Groundball, 4MD, EV 98.1 MPH)
Batting: SHB José Morán 0-0: Called Strike
0-1: Foul Ball, location: 2F
0-2: Ground out 5-3 (Groundball, 56S, EV 87.5 MPH)
Top of the 5th over - 0 runs, 1 hit, 0 errors, 1 left on base; Asheville 2 - Hudson Valley 0
BOTTOM OF THE 5TH
Hudson Valley Renegades batting - Pitching for Asheville Tourists : RHP Phil Snider
Batting: RHB Don Keith 0-0: Called Strike
0-1: Ball
1-1: Swinging Strike
1-2: Strikes out looking
Batting: LHB Oliver Rivera 0-0: Ground out U3 (Groundball, 3, EV 86.3 MPH)
Batting: RHB Eric Richards 0-0: Ball
1-0: Fly out, F9 (Flyball, 9LD, EV 96.3 MPH)
Bottom of the 5th over - 0 runs, 0 hits, 0 errors, 0 left on base; Asheville 2 - Hudson Valley 0
TOP OF THE 6TH
Asheville Tourists batting - Pitching for Hudson Valley Renegades : RHP Jeremy Galloway
Batting: RHB Jared Clemente 0-0: Ball
1-0: Ground out U3 (Groundball, 34S, EV 91.3 MPH)
Batting: SHB Erik Ashe 0-0: Ball
1-0: Ground out 4-3 (Groundball, 34, EV 95.6 MPH)
Batting: LHB Mike Halfyard 0-0: Ball
1-0: DOUBLE (Line Drive, 7LM, EV 107.5 MPH)
Batting: RHB Lou Horn 0-0: Ball
1-0: DOUBLE (Line Drive, 5D, EV 93.8 MPH)
Mike Halfyard scores
Batting: RHB Jimmy Davidson 0-0: Ball
1-0: Ball
2-0: Ball
3-0: Base on Balls
Batting: RHB Clint Hancock 0-0: Called Strike
0-1: Swinging Strike
0-2: Ball
1-2: Ball
2-2: Strikes out swinging
Top of the 6th over - 1 run, 2 hits, 0 errors, 2 left on base; Asheville 3 - Hudson Valley 0
BOTTOM OF THE 6TH
Hudson Valley Renegades batting - Pitching for Asheville Tourists : RHP Phil Snider
Batting: RHB Luis Romero 0-0: Called Strike
0-1: Ball
1-1: Ball
2-1: Ball
3-1: Swinging Strike
3-2: SINGLE (Groundball, 25, EV 61.9 MPH) (infield hit)
Batting: LHB Danny Roberts 0-0: Ball
1-0: Ball
Luis Romero steals 2nd base
2-0: Ground out 4-3 (Groundball, 34, EV 102.5 MPH)
Luis Romero to third
Batting: RHB Tony Cole 0-0: DOUBLE (Line Drive, 7LS, EV 103.1 MPH)
Luis Romero scores
Batting: LHB Tony López 0-0: Ball
1-0: Foul Ball, location: 7LSF
1-1: Ball
2-1: Foul Ball, location: 9LMF
2-2: Ball
3-2: Foul Ball, location: 7LSF
3-2: Base on Balls
Batting: RHB Juan Flores 0-0: Ball
1-0: Ball
2-0: Ball
3-0: Called Strike
3-1: Base on Balls
Tony Cole to third
Tony López to second
Batting: SHB Eric Powell 0-0: Ball
1-0: Ball
2-0: Called Strike
2-1: Called Strike
2-2: Strikes out swinging
Batting: RHB Don Keith 0-0: Ball
1-0: Ball
Wild Pitch!
Tony Cole scores
Tony López to third
Juan Flores to second
2-0: SINGLE (Groundball, 56D, EV 101.3 MPH) - runner OUT being hit by batted ball. (infield hit)
Bottom of the 6th over - 2 runs, 3 hits, 0 errors, 2 left on base; Asheville 3 - Hudson Valley 2
TOP OF THE 7TH
Asheville Tourists batting - Pitching for Hudson Valley Renegades : RHP Jeremy Galloway
Batting: RHB Tim Brown 0-0: Ball
1-0: Called Strike
1-1: Fly out, F8 (Flyball, 89D, EV 103.8 MPH)
Batting: RHB Raúl Villa 0-0: Ball
1-0: Ground out 4-3 (Groundball, 4, EV 90.0 MPH)
Batting: SHB José Morán 0-0: Ball
1-0: Ball
2-0: Called Strike
2-1: Foul Ball, location: 7LMF
2-2: Ball
3-2: Foul Ball, location: 25FF
3-2: Fly out, F8 (Flyball, 8LD, EV 90.0 MPH)
Top of the 7th over - 0 runs, 0 hits, 0 errors, 0 left on base; Asheville 3 - Hudson Valley 2
BOTTOM OF THE 7TH
Hudson Valley Renegades batting - Pitching for Asheville Tourists : RHP Phil Snider
Batting: LHB Oliver Rivera 0-0: Fly out, F8 (Flyball, 8RS, EV 84.4 MPH)
Pinch Hitting: LHB Jim Unknown 0-0: Swinging Strike
0-1: Ball
1-1: Foul Ball, location: 7LSF
1-2: Ball
2-2: Fly out, F6 (Popup, 6S, EV 80.0 MPH)
Batting: RHB Luis Romero 0-0: Ball
1-0: Called Strike
1-1: Ball
2-1: Fly out, F9 (Line Drive, 9D, EV 96.9 MPH)
Bottom of the 7th over - 0 runs, 0 hits, 0 errors, 0 left on base; Asheville 3 - Hudson Valley 2
TOP OF THE 8TH
Asheville Tourists batting - Pitching for Hudson Valley Renegades : RHP Jeremy Galloway
Now at 3B: Jim Unknown
Batting: RHB Jared Clemente 0-0: Called Strike
0-1: Swinging Strike
0-2: Ball
1-2: Foul Ball, location: 3SF
1-2: Strikes out looking
Batting: SHB Erik Ashe 0-0: Ball
1-0: Ball
2-0: Fly out, F7 (Flyball, 7LSF, EV 88.8 MPH)
Batting: LHB Mike Halfyard 0-0: Called Strike
0-1: Ball
1-1: Fly out, F8 (Flyball, 8RD, EV 98.1 MPH)
Top of the 8th over - 0 runs, 0 hits, 0 errors, 0 left on base; Asheville 3 - Hudson Valley 2
BOTTOM OF THE 8TH
Hudson Valley Renegades batting - Pitching for Asheville Tourists : RHP Phil Snider
Batting: LHB Danny Roberts 0-0: Foul Ball, location: 23FF
0-1: Ball
1-1: Swinging Strike
1-2: Foul Ball, location: 7LDF
1-2: Fly out, F8 (Line Drive, 89M, EV 98.1 MPH)
Pitching: RHP José Rodríguez
Batting: RHB Tony Cole 0-0: Ball
1-0: Ball
2-0: Called Strike
2-1: Ball
3-1: Called Strike
3-2: Fly out, F9 (Flyball, 9S, EV 77.5 MPH)
Batting: LHB Tony López 0-0: Ground out 4-3 (Groundball, 4MS, EV 81.3 MPH)
Bottom of the 8th over - 0 runs, 0 hits, 0 errors, 0 left on base; Asheville 3 - Hudson Valley 2
TOP OF THE 9TH
Asheville Tourists batting - Pitching for Hudson Valley Renegades : RHP Jeremy Galloway
Batting: RHB Lou Horn 0-0: Foul Ball, location: 9LSF
0-1: Ball
1-1: Called Strike
1-2: SINGLE (Groundball, 4D, EV 96.3 MPH)
Pitching: LHP Jim Unknown
Batting: RHB Jimmy Davidson 0-0: Swinging Strike
0-1: Bunted foul
0-2: Ball
1-2: Grounds into double play, 4-6-3 (Groundball, 34, EV 88.1 MPH)
Batting: RHB Clint Hancock 0-0: Ball
1-0: Swinging Strike
1-1: Ball
2-1: Called Strike
2-2: Strikes out swinging
Top of the 9th over - 0 runs, 1 hit, 0 errors, 0 left on base; Asheville 3 - Hudson Valley 2
BOTTOM OF THE 9TH
Hudson Valley Renegades batting - Pitching for Asheville Tourists : RHP José Rodríguez
Pitching: RHP José Ramírez
Batting: RHB Juan Flores 0-0: Called Strike
0-1: Ball
1-1: Foul Ball, location: 5DF
1-2: Strikes out looking
Batting: SHB Eric Powell 0-0: Ball
1-0: Ball
2-0: Ball
3-0: Called Strike
3-1: Foul Ball, location: 2F
3-2: Base on Balls
Pinch Hitting: RHB Steve Blankenship 0-0: Grounds into double play, 6-4-3 (Groundball, 6S, EV 85.0 MPH)
Bottom of the 9th over - 0 runs, 0 hits, 0 errors, 0 left on base; Asheville 3 - Hudson Valley 2
Monday, May 6th , 2024 - OOTP Baseball 24.10 Build 82